 Dungeon Crawl Stone Soup version 0.24.1-5-g77f818bfca (webtiles) character file.

Game seed: 5574732377977130543, levelgen mode: deterministic

1757 Peloso the Carver (level 8, 0/70 HPs)
             Began as a Minotaur Fighter on Apr 23, 2020.
             Was a Believer of Okawaru.
             Succumbed to a killer bee's poison
             ... on level 6 of the Dungeon.
             The game lasted 00:10:02 (4254 turns).

Peloso the Carver (Minotaur Fighter)                Turns: 4254, Time: 00:10:03

Health: 0/70       AC:  9    Str: 21    XL:     8   Next: 79%
Magic:  5/7        EV: 13    Int:  5    God:    Okawaru [**....]
Gold:   311        SH: 13    Dex: 12    Spells: 7/7 levels left

rFire    . . .     SeeInvis .   a - +0 long sword
rCold    . . .     Gourm    +   c - +0 shield
rNeg     . . .     Faith    .   b - +0 scale mail
rPois    .         Spirit   .   (helmet restricted)
rElec    .         Reflect  .   (no cloak)
rCorr    .         Harm     .   (no gloves)
MR       .....                  (no boots)
Stlth    ++........             t - amulet of the gourmand
HPRegen  0.21/turn              (no ring)
MPRegen  0.10/turn              (no ring)

@: lethally poisoned (0 -> -9), heroism
A: retaliatory headbutt, horns 2
a: Heroism, Renounce Religion


You were on level 6 of the Dungeon.
You worshipped Okawaru.
Okawaru was pleased with you.
You were very full.

You visited 2 branches of the dungeon, and saw 7 of its levels.

You collected 311 gold pieces.

Inventory:

Hand Weapons
 a - a +0 long sword (weapon)
Armour
 b - a +0 scale mail (worn)
 c - a +0 shield (worn)
Jewellery
 t - an amulet of the gourmand (around neck)
Wands
 d - a wand of flame (22)
 n - a wand of polymorph (10)
 q - a wand of scattershot (7)
Scrolls
 e - a scroll of immolation {unknown}
 g - 3 scrolls of enchant armour {unknown}
 h - 4 scrolls of random uselessness
 i - a scroll of fear {unknown}
 j - 5 scrolls of identify
 k - 2 scrolls of teleportation {unknown}
 l - a scroll of enchant weapon {unknown}
 m - a scroll of amnesia {unknown}
 o - a scroll of vulnerability {unknown}
 p - a scroll of magic mapping {unknown}
 r - 2 scrolls of remove curse {unknown}
 s - 2 scrolls of blinking {unknown}
Comestibles
 f - 13 rations
 u - 3 chunks of flesh


   Skills:
 + Level 6.1(11.1) Fighting
 + Level 8.2(13.2) Long Blades
 + Level 7.6(12.6) Armour
 + Level 2.6(7.6) Dodging
 + Level 0.3(5.3) Stealth
 + Level 7.3(12.3) Shields


You had 7 spell levels left.
You didn't know any spells.
Your spell library was empty.

Dungeon Overview and Level Annotations

Branches:
Dungeon (6/15)             Temple (1/1) D:4

Altars:
Ashenzari
Cheibriados
Dithmenos
Elyvilon
Fedhas
Gozag
Hepliaklqana
Kikubaaqudgha
Makhleb
Nemelex Xobeh
Okawaru
Qazlal
Ru
Sif Muna
Trog
Uskayaw
Vehumet
Wu Jian
Xom
Yredelemnul
Zin
The Shining One

Shops:
D:5 [

Annotations:
D:5 2 runed translucent doors, ChadusMaximus's ghost, novice FoAK; Crazy Yiuf


Innate Abilities, Weirdness & Mutations

You reflexively headbutt those who attack you in melee.
You have a pair of horns on your head.


Message History

You furiously retaliate!
You headbutt the killer bee.
Okay, then.
* * * LOW HITPOINT WARNING * * *
You feel sick. The killer bee closely misses you.
Found 13 stones.
* * * LOW HITPOINT WARNING * * *
You feel sick.
The killer bee stings you but does no damage.
* * * LOW HITPOINT WARNING * * *
You feel sick. You block the killer bee's attack.
You aren't carrying any potions.
You hit the killer bee. You headbutt the killer bee.
The killer bee is moderately wounded.
The killer bee stings you.
* * * LOW HITPOINT WARNING * * *
The killer bee completely misses you.
You slash the killer bee!
You kill the killer bee!
Okawaru accepts your kill.
You die...

#..<#.#####.##.
#.#[#.#.#......
#.#.#.#.#.......
...)#.#.#.#......
!...#.#.#†#'......
#.....#.#.#y#
.#'#.#.#.#y#.#
#.#.#.#.##†##.#
.#.#.#.# #@# #.#
.#.#.. #.# ..#
.#.# #.# #.. .#
... #.# ... ..
.(... ##.## #.#


You could see 2 killer bees.

Vanquished Creatures
  Grinder (D:5)
  Sigmund (D:2)
  Menkaure (D:5)
  Duvessa (D:6)
  An ice beast (D:6)
  A phantom (D:5)
  A centaur (D:5)
  An ogre (D:5)
  A bullfrog (D:5)
  Dowan (D:5)
  A scorpion (D:5)
  2 killer bees (D:6)
  A howler monkey (D:4)
  A centaur zombie (D:5)
  A jelly (D:5)
  A hound (D:5)
  2 orc wizards (D:4)
  6 worker ants
  A killer bee zombie (D:5)
  6 adders
  4 gnolls (D:2)
  An ooze (D:2)
  An adder skeleton (D:6)
  4 worms
  2 dart slugs
  4 leopard geckos
  27 orcs
  A giant cockroach (D:1)
  3 hobgoblins (D:3)
  10 jackals
  10 kobolds
  2 quokkas
  A ball python (D:4)
  8 bats
  6 frilled lizards
  8 goblins
  A quokka zombie (D:5)
  10 rats
135 creatures vanquished.

Notes
Turn   | Place    | Note
-------+----------+-------------------------------------------
     0 | D:1      | Peloso the Minotaur Fighter began the quest for the Orb.
     0 | D:1      | Reached XP level 1. HP: 19/19 MP: 0/0
    91 | D:1      | Reached XP level 2. HP: 24/27 MP: 1/1
   370 | D:1      | Reached XP level 3. HP: 31/33 MP: 2/2
   484 | D:2      | Reached skill level 3 in Long Blades
   489 | D:2      | Noticed Sigmund
   500 | D:2      | Killed Sigmund
   500 | D:2      | Reached skill level 4 in Long Blades
   500 | D:2      | Reached skill level 1 in Dodging
   500 | D:2      | Reached XP level 4. HP: 28/41 MP: 3/3
   500 | D:2      | Reached XP level 5. HP: 32/47 MP: 4/4
   647 | D:2      | Reached skill level 5 in Shields
  1146 | D:3      | Found a shattered altar of Ashenzari.
  1296 | D:3      | Reached XP level 6. HP: 53/53 MP: 5/5
  1667 | D:3      | Reached skill level 5 in Armour
  1696 | D:3      | Reached skill level 5 in Long Blades
  2028 | D:4      | Found a staircase to the Ecumenical Temple.
  2568 | Temple   | Entered the Ecumenical Temple
  2613 | Temple   | Became a worshipper of Warmaster Okawaru
  2743 | D:4      | Reached skill level 6 in Long Blades
  2743 | D:4      | Reached XP level 7. HP: 59/60 MP: 6/6
  2784 | D:5      | Entered Level 5 of the Dungeon
  2814 | D:5      | Reached skill level 5 in Fighting
  2889 | D:5      | Found a runed translucent door.
  2890 | D:5      | Noticed Crazy Yiuf
  2995 | D:5      | Noticed Menkaure
  3043 | D:5      | Killed Menkaure
  3309 | D:5      | Noticed Grinder
  3324 | D:5      | Paralysed by Grinder for 2 turns
  3331 | D:5      | HP: 3/61 [Grinder/nerve-wracking pain (8)]
  3332 | D:5      | Killed Grinder
  3332 | D:5      | Reached * piety under Okawaru
  3332 | D:5      | Reached skill level 7 in Long Blades
  3332 | D:5      | Reached XP level 8. HP: 4/69 MP: 7/7
  3710 | D:5      | Found Mutopn's Antique Armour Emporium.
  3898 | D:5      | Found a runed translucent door.
  3899 | D:5      | Noticed ChadusMaximus's ghost (novice FoAK)
  3920 | D:6      | Noticed Dowan
  3921 | D:6      | Noticed Duvessa
  3941 | D:6      | Killed Duvessa
  3948 | D:5      | Reached ** piety under Okawaru
  4133 | D:5      | Killed Dowan
  4221 | D:6      | Reached skill level 8 in Long Blades
  4251 | D:6      | HP: 3/70 [poisoned by a killer bee]
  4253 | D:6      | HP: 1/70 [killer bee (2)]
  4254 | D:6      | Succumbed to a killer bee's poison

Levels and vault maps discovered:
D:1:      minmay_arrival_stair_chambers, layout_basic
D:2:      layout_rooms, minmay_randomly_rotated_circles, uniq_sigmund
D:3:      layout_loops_ring, ashenzari_altar_1, kennysheep_generic_room_4
D:4:      layout_cave_pools, minmay_temple_entry_sparse_star,
          serial_column_ruins, column_ruins_grid_1, column_ruins_grid_3,
          column_ruins_open_small, column_ruins_grid_1, column_ruins_grid_3
D:5:      layout_rooms, serial_shops, kennysheep_little_box, first_ration,
          gammafunk_ghost_grave, uniq_crazy_yiuf_cottage, uniq_menkaure,
          uniq_grinder
D:6:      kennysheep_housing_project, layout_basic, hex_intersection,
          uniq_pikel, uniq_duvessa
Temple:   kilobyte_greek_temple

Skill      XL: |  1  2  3  4  5  6  7  8 |
---------------+-------------------------+-----
Armour         | 4 5 6 7 |  7.6
Shields        | 4 5 7 |  7.3
Fighting       | 4 5 6 |  6.1
Long Blades    | 4 6 7 8 |  8.2
Dodging        | 1 2 |  2.6
Stealth        | |  0.3

Action                   |  1- 3 |  4- 6 |  7- 9 || total
-------------------------+-------+-------+-------++-------
Melee: Long sword        |    72 |   170 |   146 ||   388
       Headbutt          |     8 |    29 |    32 ||    69
Invok: Heroism           |       |       |     1 ||     1
  Use: Potion            |     1 |     4 |     3 ||     8
       Scroll            |       |       |     1 ||     1
  Eat: Chunk             |       |     6 |    14 ||    20
Armor: Scale mail        |    44 |    70 |    47 ||   161
Dodge: Dodged            |    33 |    67 |    65 ||   165
Block: Shield            |    36 |   106 |    94 ||   236
       Rpst.: Long sword |     5 |    25 |    20 ||    50
